[Event "Live Chess"]
[Site "Chess.com"]
[Date "2024.06.02"]
[Round "-"]
[White "WorcesterYork"]
[Black "chessgoatpawel"]
[Result "1-0"]
[WhiteElo "2473"]
[BlackElo "2078"]
[TimeControl "300"]
[EndTime "2:14:54 PDT"]
[Termination "WorcesterYork won by resignation"]

1. d4 Nf6 2. Bg5 e6 3. Nd2 Be7 4. e4 O-O 5. Bd3 d5 6. e5 Nfd7 7. h4 c5 8. c3 Nc6 9. Qh5 g6 10.
Qg4 cxd4 11. cxd4 Qb6 12. Ngf3 Qxb2 13. Ke2 Qb6 14. h5 Bxg5 15. Qxg5 Qd8 16. Qh6 Re8 17.
hxg6 Nf8 1-0

[Event "Live Chess"]
[Site "Chess.com"]
[Date "2024.06.02"]
[Round "-"]
[White "best137"]
[Black "Dhaydon19"]
[Result "0-1"]
[WhiteElo "1519"]
[BlackElo "2631"]
[TimeControl "300"]
[EndTime "2:14:56 PDT"]
[Termination "Dhaydon19 won by resignation"]

1. c4 c6 2. d4 d5 3. Nf3 Nf6 4. Nc3 e6 5. g3 Nbd7 6. cxd5 cxd5 7. Bg2 a6 8. O-O b5 9. Bg5 Be7 10. a4 b4 11. Na2 a5 12. Nc1 Ba6 13. Nd3 O-O 14.
Nde5 Nxe5 15. Nxe5 Rc8 16. Rc1 Qd6 17. Re1 Rxc1 18.
Qxc1 Rc8 19. Qd2 h6 20. Bf4 Qb6 21. e4 dxe4 22. Bxe4 Nxe4 23. Rxe4 Bb7 24. Re1 Ba8 25. Rc1 Rxc1+ 26. Qxc1 Qb7 27. f3 f6 28. Ng6 Bd8 29.
Qe3 Kf7 30. Nh8+ Kg8 31. Qxe6+ Kxh8 32. Qe8+ Kh7 33. Qxd8 Qxf3 34. d5 Bxd5 0-1

[Event "Live Chess"]
[Site "Chess.com"]
[Date "2024.06.02"]
[Round "-"]
[White "TedUdale"]
[Black "upoe610"]
[Result "1-0"]
[WhiteElo "2114"]
[BlackElo "2155"]
[TimeControl "300"]
[EndTime "2:15:08 PDT"]
[Termination "TedUdale won by resignation"]

1. e4 e5 2. Nf3 Nc6 3. Nc3 Nf6 4. Bc4 Nxe4 5. Bxf7+ Kxf7 6. Nxe4 d5 7. Neg5+ Kg8 8.
d4 e4 9. Ne5 Nxe5 10. dxe5 h6 11. Nxe4 Be6 12. Ng3 Bc5 13. O-O Qh4 14. Kh1 Rf8 15. f4 Bg4 16. Qxd5+ Kh7 17. Qxc5 Rf7 18. f5 Rhf8 19. Qc4 b5 20. Qe4 Kh8 21. b3 g6 22.
f6 g5 23. Ba3 Re8 24. Rae1 Be6 25. Rd1 Qxe4 26. Nxe4 Bg4 27. Rd5 c6 28. Rc5 Re6 29.
Nd6 Rf8 30. f7 Be2 31. Rf6 Bg4 32. Ne4 Rxf6 33. Nxf6 Rxf7 34. h3 Be6 35. Rxc6 Bf5 36. Rd6 Kg7 37. Rd8 Rc7 38. Ne8+ 1-0

[Event "Live Chess"]
[Site "Chess.com"]
[Date "2024.06.02"]
[Round "-"]
[White "Purple1szed"]
[Black "ameetghasi100"]
[Result "0-1"]
[WhiteElo "2080"]
[BlackElo "2788"]
[TimeControl "300"]
[EndTime "2:15:09 PDT"]
[Termination "ameetghasi100 won by checkmate"]

1. e4 c5 2. c3 Nc6 3. d4 d6 4. Nf3 cxd4 5. cxd4 Bg4 6. d5 Bxf3 7. Qxf3 Nb8 8. Bb5+ Nd7 9. O-O Nf6 10. Nc3 a6 11. Ba4 b5 12. Bc2 g6 13. Bg5 Bg7 14. Rae1 h6 15. Bf4 g5 16. Bg3 g4 17. Qd3 h5 18.
e5 dxe5 19. Bxe5 Nxe5 20. Rxe5 Qd6 21. Rfe1 Ra7 22. Qf5 Rc7 23. Bb1 h4 24. Ne4 Nxe4 25. R5xe4 g3 26. h3 gxf2+ 27. Qxf2 Bf6 28. Qf4 Qxf4 29.
Rxf4 Bxb2 30. d6 Rd7 31. dxe7 Rxe7 32. Rxe7+ Kxe7 33. Be4 Bd4+ 34. Kf1 Be5 35. Rf2 Rd8 36. Bb7 a5 37. Re2 f6 38. Re4 Rd2 39. Ba6 b4 40. Bc4 a4 41. Rxh4 b3 42. Bxb3 axb3 43. axb3 Rb2 44. Rb4 Bg3 45. Rb7+ Ke6 46. Rb6+ Kf7 47. b4 Rf2+ 48. Kg1 Re2 49. Kf1 Re1# 0-1

[Event "Live Chess"]
[Site "Chess.com"]
[Date "2024.06.02"]
[Round "-"]
[White "lateforthesky"]
[Black "Crowded_House"]
[Result "1-0"]
[WhiteElo "2077"]
[BlackElo "1689"]
[TimeControl "300"]
[EndTime "2:15:48 PDT"]
[Termination "lateforthesky won by resignation"]

1. e4 e6 2. d4 d5 3. e5 c5 4. c3 Nc6 5. Nf3 Qb6 6. Bd3 Bd7 7. O-O Nge7 8. h4 cxd4 9. Re1 dxc3 10. Nxc3 Qc7 11. h5 h6 12. Nb5 1-0

[Event "Live Chess"]
[Site "Chess.com"]
[Date "2024.06.02"]
[Round "-"]
[White "A3ndrey9"]
[Black "Bradfield133"]
[Result "0-1"]
[WhiteElo "1273"]
[BlackElo "1872"]
[TimeControl "300"]
[EndTime "2:15:54 PDT"]
[Termination "Bradfield133 won on time"]

1. Nf3 c5 2. c4 g6 3. d4 cxd4 4. Nxd4 Bg7 5. g3 Nc6 6. Nxc6 bxc6 7. Bg2 Nf6 8. O-O O-O 9. Nc3 Qc7 10. Bf4 d6 11. Qc2 e5 12. Bg5 h6 13. Bd2 Be6 14.
b3 Rad8 15. e4 Nd7 16. Na4 f5 17. Rac1 f4 18. c5 d5 19. exd5 cxd5 20. c6 Nb6 21. Nxb6 axb6 22. a4 f3 23. Bh1 Bh3 24. Rfe1 Bf5 25.
Qa2 e4 26. a5 bxa5 27. Bxa5 Qa7 28. Qd2 Ra8 29. Qxd5+ Kh7 30. b4 Bd4 31. Qxd4 Qxd4 32. c7 Rac8 33. b5 Qa4 34. Ra1 Qxb5 35. Rec1 Rf7 36.
Bd2 Rfxc7 37. Rxc7+ Rxc7 38. Bf4 Rb7 0-1

[Event "Live Chess"]
[Site "Chess.com"]
[Date "2024.06.02"]
[Round "-"]
[White "bonantagulo"]
[Black "nitrofish07"]
[Result "1-0"]
[WhiteElo "2240"]
[BlackElo "2071"]
[TimeControl "300"]
[EndTime "2:16:15 PDT"]
[Termination "bonantagulo won on time"]

1. d4 d5 2. c4 c6 3. Nc3 Nf6 4. Nf3 dxc4 5. a4 Bf5 6. Ne5 e6 7. f3 Bb4 8. e4 Bxe4 9. fxe4 Nxe4 10. Nxf7 Kxf7 11. Qf3+ Nf6 12. Bxc4 Qxd4 13. Bb3 Re8 14. Bd2 Bxc3 15. Bxc3 Qe4+ 16. Kf2 Qxf3+ 17. gxf3 Nbd7 18. Rhe1 Nc5 19. Bc4 Rad8 20. Rad1 Nd5 21. Bd4 Nxa4 22. Bxa7 Nxb2 23. Rc1 Nxc4 24. Rxc4 Ra8 25. Bc5 Ra2+ 26. Kg3 h5 27. h4 e5 28. Bd6 Nf4 29. Rxe5 Rxe5 30.
Bxe5 Ne6 31. Rc1 Ra5 32. Bb8 c5 33. Rb1 b5 34. Bd6 b4 35. Bxc5 Rxc5 36. Rxb4 Kf6 37. Rb8 g6 38. Rb6 Rc3 39. Rb4 Ke5 40. Re4+ Kf5 41.
Ra4 Rc5 42. Rb4 Re5 43. Ra4 Kf6 44. Ra6 Rf5 45. Ra4 Ke5 46. Ra5+ Kd6 47. Ra4 Nc5 48. Rb4 Kd5 49. Rb5 Kd4 50. Rb8 Ne6 51. Rb6 Ke5 52. Rb5+ Kf6 53. Rb8 Re5 54. Re8 Rd5 55. Ra8 Rd3 56.
Ra6 Ke5 57. Ra5+ Kd4 58. Ra4+ Ke3 59. Ra6 Ke2 60. Rxe6+ Kd2 61. Rxg6 Ke3 62. Rg5 Kd2 63. Rxh5 Ke2 64. Rg5 Rxf3+ 65. Kg4 Rd3 66. Kh5 Kd2 67. Kh6 Rd4 68. h5 Rh4 69. Rg6 Rh1 70. Kg5 Ke2 71.
h6 Kf2 72. Kf6 Rg1 73. Kg7 Rh1 74. h7 1-0

[Event "Live Chess"]
[Site "Chess.com"]
[Date "2024.06.02"]
[Round "-"]
[White "GoldsmanB"]
[Black "booktrunk"]
[Result "0-1"]
[WhiteElo "1102"]
[BlackElo "1509"]
[TimeControl "300"]
[EndTime "2:16:24 PDT"]
[Termination "booktrunk won by resignation"]

1. d4 b6 2. e4 Bb7 3. Nc3 h6 4. Nf3 e6 5. Be3 Nf6 6. e5 Nd5 7. Bc4 Nxc3 8. bxc3 Nc6 9. O-O Na5 10. Bb3 Be7 11.
Qd3 Qc8 12. d5 Ba6 13. c4 exd5 14. Qd2 dxc4 15. Ba4 c3 16. Qe1 Bxf1 17. Qxf1 c6 18. Rd1 O-O 19. Bd4 b5 20. Bb3 Nxb3 21. axb3 c5 22. Bxc3 b4 23. Bb2 a5 24. Qb5 Qc6 25.
Qd3 a4 26. Qxd7 Qxd7 27. Rxd7 Bg5 28. Rd5 Rfc8 29. Nxg5 hxg5 30. Rd7 Kf8 31. h3 axb3 32. cxb3 Rd8 33. Rc7 Rdc8 34. Rd7 Ra2 35. Bc1 Ra1 36. Rd1 c4 37. Kf1 cxb3 0-1

[Event "Live Chess"]
[Site "Chess.com"]
[Date "2024.06.02"]
[Round "-"]
[White "TigerTank70"]
[Black "wadsy27"]
[Result "1-0"]
[WhiteElo "2233"]
[BlackElo "2574"]
[TimeControl "300"]
[EndTime "2:16:26 PDT"]
[Termination "TigerTank70 won by resignation"]

1. e4 e6 2. d4 d5 3. e5 c5 4. c3 Nc6 5. Nf3 Qb6 6. a3 c4 7. Nbd2 Na5 8. Be2 Bd7 9. O-O Qc7 10. b3 cxb3 11. Bb2 Ne7 12. a4 Qb6 13. Ba3 Nec6 14. Bxf8 Rxf8 15. Bb5 a6 16. Bd3 h6 17. Rb1 Qc7 18. Nxb3 Nxb3 19. Qxb3 Na5 20. Qb4 Rc8 21. Rfc1 Bc6 22. Nd2 f5 23. c4 dxc4 24. Bxc4 Nxc4 25. Nxc4 Rd8 26. Nd6+ Rxd6 27. exd6 Qd7 28. d5 exd5 29.
Re1+ Kd8 30. Re7 Rf6 31. Qb6+ Kc8 32. Rxd7 1-0

[Event "Live Chess"]
[Site "Chess.com"]
[Date "2024.06.02"]
[Round "-"]
[White "Tatarinov_Maxim"]
[Black "AlanBstard10"]
[Result "1-0"]
[WhiteElo "2275"]
[BlackElo "1229"]
[TimeControl "300"]
[EndTime "2:16:48 PDT"]
[Termination "Tatarinov_Maxim won by resignation"]

1. d4 Nf6 2. c4 c5 3. d5 b5 4. cxb5 a6 5. e3 g6 6. Nc3 Bg7 7. Nf3 O-O 8. bxa6 Bxa6 9. Bxa6 Nxa6 10. O-O d6 11. e4 Qa5 12. Nd2 Rfb8 13. Re1 Ne8 14.
Nc4 Qc7 15. Bd2 Nb4 16. Qb1 Nf6 17. a4 Ng4 18. Nb5 Rxb5 19. axb5 Rxa1 20. Qxa1 Nd3 21. Qa8+ Bf8 22. Ra1 Ndxf2 23. Ra7 Qxa7 24. Qxa7 Kg7 25.
Bc3+ f6 26. h3 Nxe4 27. hxg4 Nxc3 28. bxc3 Kf7 29. Nxd6+ 1-0

[Event "Live Chess"]
[Site "Chess.com"]
[Date "2024.06.02"]
[Round "-"]
[White "ggosyaa"]
[Black "Tushinskiy"]
[Result "0-1"]
[WhiteElo "575"]
[BlackElo "2281"]
[TimeControl "300"]
[EndTime "2:17:08 PDT"]
[Termination "Tushinskiy won by resignation"]

1. d4 d5 2. Bf4 c6 3. e3 Nf6 4. Bd3 e6 5. Nf3 Bd6 6. Bg3 Qe7 7. c3 Nbd7 8. Nbd2 e5 9. O-O e4 10. Nxe4 dxe4 11. Bc4 exf3 12. Qxf3 O-O 13. Rad1 Nb6 14. Bd3 Bg4 15. Qf4 Bxf4 16. Bxf4 Bxd1 17. Rxd1 Rad8 18.
b4 Nbd5 19. Bg3 Nxc3 20. Rc1 Qxb4 21. Bh4 c5 22. dxc5 0-1

[Event "Live Chess"]
[Site "Chess.com"]
[Date "2024.06.02"]
[Round "-"]
[White "missedJariChance"]
[Black "raimundklein"]
[Result "0-1"]
[WhiteElo "1352"]
[BlackElo "1566"]
[TimeControl "300"]
[EndTime "2:17:17 PDT"]
[Termination "raimundklein won on time"]

1. b3 e5 2. Bb2 Nc6 3. Nf3 d6 4. d4 exd4 5. Nxd4 Nf6 6. e3 Nxd4 7. Bxd4 Be7 8. Bd3 O-O 9. O-O Bg4 10. Be2 Bxe2 11. Qxe2 c5 12. Bb2 d5 13. Rd1 Qc7 14. Nd2 Rfd8 15. Nf3 Rac8 16. c4 dxc4 17. Qxc4 Rf8 18. Ne5 a6 19. Rd2 b5 20. Qe2 Bd6 21. Nf3 Ng4 22. h3 Ne5 23. Rad1 Nxf3+ 24. Qxf3 Be5 25. Rd7 Qb8 26. Bxe5 Qxe5 27. Qb7 Qe6 28.
R1d6 Qf5 29. Qxa6 c4 30. bxc4 bxc4 31. Qb7 c3 32. Rc7 c2 33. Rdc6 Rb8 34. Qxb8 Rxb8 35. Rxc2 Rb1+ 36. Kh2 h6 37. Rc8+ Kh7 38. R8c5 Qe6 39.
g3 Ra1 0-1

[Event "Live Chess"]
[Site "Chess.com"]
[Date "2024.06.02"]
[Round "-"]
[White "elis06"]
[Black "WeakOldFinished"]
[Result "1/2-1/2"]
[WhiteElo "2162"]
[BlackElo "2083"]
[TimeControl "300"]
[EndTime "2:17:23 PDT"]
[Termination "Game drawn by repetition"]

1. d4 e5 2. dxe5 Nc6 3. Nf3 d6 4. exd6 Bxd6 5. e4 Bg4 6. h3 Bxf3 7. Qxf3 Qe7 8. Bd3 Ne5 9. Qe2 Nf6 10. Nc3 O-O-O 11.
Bd2 Rhe8 12. O-O-O Nxd3+ 13. cxd3 Be5 14. f4 Bd4 15.
Kb1 Kb8 16. Rhe1 Qd7 17. e5 Bxc3 18. Bxc3 Nd5 19. Qd2 g6 20. Re4 Re6 21. Rd4 c5 22.
Re4 f5 23. Re2 c4 24. d4 b5 25. g4 Rc8 26. a3 a5 27. Bxa5 c3 28. Bxc3 Rc4 29.
Rc1 Rec6 30. e6 Rxe6 31. Rxe6 Qxe6 32. Re1 Qd7 33. Re5 Nf6 34. gxf5 gxf5 35. Qe1 Ne4 36. Bb4 Rxd4 37. Qe2 Rc4 38. Re7 Qd4 39. Re8+ Kb7 40. Re7+ Kc6 41. Re6+ Kd7 42. Re7+ Kc6 43. Re6+ Kd7 44.
Re7+ Kc6 1/2-1/2

[Event "Live Chess"]
[Site "Chess.com"]
[Date "2024.06.02"]
[Round "-"]
[White "Duke_of_Bebington"]
[Black "seasidecastle27"]
[Result "0-1"]
[WhiteElo "1639"]
[BlackElo "1920"]
[TimeControl "300"]
[EndTime "2:17:37 PDT"]
[Termination "seasidecastle27 won by resignation"]

1. e4 e6 2. d4 d5 3. Nd2 dxe4 4. Nxe4 Be7 5. Nf3 Nf6 6. Bd3 Bd7 7. O-O Bc6 8. Re1 Nbd7 9. c3 O-O 10. Qc2 g6 11.
Nxf6+ Bxf6 12. Ne5 Nxe5 13. dxe5 Bg7 14. Bf4 Qe7 15.
Bf1 Rad8 16. Rad1 Rxd1 17. Rxd1 Rd8 18. Rxd8+ Qxd8 19. Bg3 Qd5 20. b3 Bxe5 21. c4 Qd6 22.
Bxe5 Qxe5 23. Qd2 Qd6 24. Qxd6 cxd6 25. f3 f5 26. Kf2 e5 27. Ke3 Kf7 28. Bd3 Ke6 29. a3 a5 30. b4 axb4 31. axb4 d5 32. b5 Bd7 33. c5 d4+ 34. Ke2 Kd5 35. c6 bxc6 36. b6 Bc8 0-1

[Event "Live Chess"]
[Site "Chess.com"]
[Date "2024.06.02"]
[Round "-"]
[White "JanMur7"]
[Black "Queensandpawns"]
[Result "1-0"]
[WhiteElo "2277"]
[BlackElo "2275"]
[TimeControl "300"]
[EndTime "2:17:40 PDT"]
[Termination "JanMur7 won by checkmate"]

1. c4 d5 2. cxd5 c6 3. dxc6 Nxc6 4. Nf3 e5 5. Nc3 Nf6 6. d3 Bc5 7. g3 Ng4 8. Ne4 Qb6 9. Nxc5 Qxc5 10. e3 Be6 11.
Bg2 Rd8 12. Qe2 Nb4 13. O-O Nxd3 14. Ng5 Bf5 15. e4 Bc8 16. h3 Ngxf2 17. Rxf2 Nxf2 18. Be3 Nxh3+ 19. Bxh3 Qe7 20. Qb5+ Bd7 21. Bxd7+ Qxd7 22. Qxe5+ Qe7 23. Qxg7 Kd7 24. Rd1+ Kc8 25. Rxd8+ Rxd8 26. Qxf7 Rd1+ 27. Kg2 Qxf7 28. Nxf7 Kd7 29. Ng5 h6 30. Nf3 Rb1 31. Bd4 Ke6 32. Bc3 Rc1 33. Nd4+ Kd7 34. e5 a6 35. e6+ Ke8 36. Nf5 h5 37.
Bf6 Rc2+ 38. Kh3 Re2 39. Nd6+ Kf8 40. e7+ Rxe7 41. Bxe7+ Kxe7 42. Nxb7 Kd7 43. Nc5+ Kc6 44. Nxa6 Kb5 45. Kh4 Kc4 46. Kxh5 Kd3 47. g4 Kc2 48. g5 Kb1 49. g6 Ka1 50. g7 Kb1 51. g8=Q Ka1 52.
Qg1+ Kxa2 53. Nb4+ Kb3 54. Na2 Kc2 55. Qc1+ Kb3 56. Qc3+ Ka4 57. Qb4# 1-0

[Event "Live Chess"]
[Site "Chess.com"]
[Date "2024.06.02"]
[Round "-"]
[White "MagnersCarlsberg2870"]
[Black "KeithArkell"]
[Result "0-1"]
[WhiteElo "1814"]
[BlackElo "2414"]
[TimeControl "300"]
[EndTime "2:18:19 PDT"]
[Termination "KeithArkell won by resignation"]

1. b3 b5 2. Bb2 Bb7 3. Nf3 Nf6 4. e3 b4 5. c4 bxc3 6. Nxc3 e6 7. d4 c5 8. Bd3 cxd4 9. Nxd4 Nc6 10. Nxc6 Bxc6 11. O-O Be7 12. Rc1 O-O 13. Bb5 Bxb5 14.
Nxb5 a6 15. Nd6 Qb6 16. Nc4 Qb5 17. f4 d5 18. Ne5 Rfc8 19. Rf3 g6 20. Rxc8+ Rxc8 21. Qd4 Qe2 22. Ng4 Rc2 23. Rf2 Qe1+ 24. Rf1 Qe2 25. Rf2 Qe1+ 26. Rf1 e5 27. Rxe1 exd4 28.
exd4 Nxg4 29. Rxe7 Rxb2 30. Re8+ Kg7 0-1

[Event "Live Chess"]
[Site "Chess.com"]
[Date "2024.06.02"]
[Round "-"]
[White "Tushinskiy"]
[Black "GoldsmanB"]
[Result "1-0"]
[WhiteElo "2281"]
[BlackElo "1102"]
[TimeControl "300"]
[EndTime "2:18:32 PDT"]
[Termination "Tushinskiy won by resignation"]

1. d4 Nf6 2. c3 e6 3. Nf3 d5 4. Bf4 c5 5. Bg3 Nc6 6. e3 Bd6 7. Bd3 Bd7 8. Bxd6 cxd4 9. exd4 Ng4 10. Qe2 Qf6 11. Nbd2 1-0

[Event "Live Chess"]
[Site "Chess.com"]
[Date "2024.06.02"]
[Round "-"]
[White "vincents82"]
[Black "dmitro74"]
[Result "1/2-1/2"]
[WhiteElo "1997"]
[BlackElo "1733"]
[TimeControl "300"]
[EndTime "2:19:07 PDT"]
[Termination "Game drawn - insufficient material"]

1. e4 e6 2. d4 d5 3. Nd2 dxe4 4. Nxe4 Nd7 5. Nf3 Ngf6 6. Nxf6+ Nxf6 7. Bd3 c5 8. dxc5 Bxc5 9. Bg5 Be7 10. Qe2 O-O 11.
O-O-O Nd5 12. Bxe7 Qxe7 13. Be4 Nf6 14. Ne5 Nxe4 15.
Qxe4 f6 16. Nf3 Bd7 17. Nd4 e5 18. Nb3 Bc6 19. Qc4+ Qf7 20. Qxf7+ Kxf7 21. f3 Rfd8 22. Nc5 Ke7 23. Rxd8 Rxd8 24. Rd1 Rxd1+ 25. Kxd1 b6 26.
Ne4 Bxe4 27. fxe4 g6 28. g4 h5 29. h3 hxg4 30. hxg4 Ke6 31. Kd2 f5 32. exf5+ gxf5 33. gxf5+ Kxf5 34. Ke3 e4 35. c4 Ke5 36. b4 a6 37. a4 Kf5 38. b5 axb5 39. cxb5 Ke5 40.
a5 bxa5 41. b6 Kd6 42. Kxe4 Kc6 43. Kd4 Kxb6 44. Kc4 a4 45. Kb4 a3 46. Kxa3 1/2-1/2

[Event "Live Chess"]
[Site "Chess.com"]
[Date "2024.06.02"]
[Round "-"]
[White "friarnator"]
[Black "Brooms1989"]
[Result "1-0"]
[WhiteElo "2186"]
[BlackElo "1168"]
[TimeControl "300"]
[EndTime "2:19:53 PDT"]
[Termination "friarnator won by resignation"]

1. d4 Nf6 2. Nc3 d5 3. Bf4 c5 4. e3 cxd4 5. exd4 a6 6. Bd3 e6 7. Nf3 Bd6 8. Ne5 O-O 9. g4 Bxe5 10. Bxe5 Nbd7 11. Qe2 Nxe5 12. dxe5 Nd7 13. O-O-O b5 14.
f4 b4 15. Nb1 Qa5 16. a3 Nc5 17. f5 Nxd3+ 18. Qxd3 Bd7 19. f6 Bb5 20. Qd2 Rfc8 21. Qg5 Rxc2+ 22. Kxc2 Rc8+ 23. Kd2 bxa3+ 24. Ke3 Qb6+ 25.
Kf3 1-0

[Event "Live Chess"]
[Site "Chess.com"]
[Date "2024.06.02"]
[Round "-"]
[White "Ferrarifan27"]
[Black "Vladyslav2008"]
[Result "0-1"]
[WhiteElo "2130"]
[BlackElo "2268"]
[TimeControl "300"]
[EndTime "2:20:03 PDT"]
[Termination "Vladyslav2008 won by checkmate"]

1. e4 c5 2. Nf3 d6 3. d4 cxd4 4.
Nxd4 Nf6 5. Nc3 a6 6. Bg5 e6 7. f4 Qb6 8. Qd2 Qxb2 9. Rb1 Qa3 10. e5 dxe5 11. fxe5 Nd5 12. Nxd5 exd5 13. Nb3 Be6 14. c3 Nc6 15. Bf4 Be7 16. Bd3 O-O 17. O-O Rfd8 18. Nd4 Nxd4 19. cxd4 b5 20. Rf3 Qa4 21. Rh3 Qxd4+ 22. Kh1 g6 23. Rxh7 Bf5 24. Rh3 Bxh3 25.
gxh3 Rac8 26. Qe2 Qxf4 27. Qg2 Qg5 28. Qf3 Qxe5 29. Rg1 Qg7 30. Qe2 Bc5 31. Rg4 Qa1+ 32. Kg2 Qg1+ 33. Kf3 Qh1+ 34. Kg3 Re8 35. Qc2 Bd6+ 36.
Kh4 Qe1+ 37. Kg5 Qe7+ 38. Kh6 Qe3+ 39. Rg5 Bf8# 0-1

[Event "Live Chess"]
[Site "Chess.com"]
[Date "2024.06.02"]
[Round "-"]
[White "MaksymYurii"]
[Black "StoreySniper"]
[Result "0-1"]
[WhiteElo "1000"]
[BlackElo "2515"]
[TimeControl "300"]
[EndTime "2:20:13 PDT"]
[Termination "StoreySniper won by checkmate"]

1. e4 g6 2. Nf3 Bg7 3. Bc4 c5 4. h4 Nc6 5. h5 e6 6. hxg6 hxg6 7.
Rxh8 Bxh8 8. Nc3 Nge7 9. Ng5 d5 10. exd5 exd5 11. Bb5 Nf5 12. Bxc6+ bxc6 13. Qe2+ Qe7 14.
Qxe7+ Kxe7 15. d3 Rb8 16. Nf3 Ba6 17. Bg5+ f6 18. Bf4 Rxb2 19. Na4 Rxc2 20. d4 Nxd4 21. Nxd4 cxd4 22. Rd1 Re2+ 23. Kf1 Re4+ 24. Kg1 Rxf4 25. Nc5 Bc4 26. a4 Rf5 27. Rxd4 Kd6 28. Nb7+ Kc7 29.
Na5 Re5 30. Nxc4 dxc4 31. Rxc4 f5 32. g3 Bf6 33. Kg2 c5 34. a5 Rd5 35. Kf3 Bd4 36. g4 fxg4+ 37. Kxg4 Bxf2 38. Kf4 Bd4 39. Kg4 Rf5 40. Kh4 Kc6 41. Kg4 Kb5 42. Rc1 c4 43. Rb1+ Kxa5 44. Rd1 Rd5 45. Rc1 c3 46. Ra1+ Kb4 47.
Rxa7 Bxa7 48. Kf3 c2 49. Ke4 Rd4+ 50. Ke3 c1=Q+ 51. Ke2 Qd2+ 52. Kf3 Rf4+ 53. Kg3 Qf2+ 54. Kh3 Rh4# 0-1

[Event "Live Chess"]
[Site "Chess.com"]
[Date "2024.06.02"]
[Round "-"]
[White "Pandreq"]
[Black "blunderabit"]
[Result "1-0"]
[WhiteElo "1210"]
[BlackElo "1758"]
[TimeControl "300"]
[EndTime "2:20:23 PDT"]
[Termination "Pandreq won on time"]

1. d4 Nf6 2. c4 e6 3. Nc3 Bb4 4. a3 Bxc3+ 5. bxc3 b6 6. Nf3 Nc6 7. e3 Ba6 8. Bd2 Na5 9. Qa4 O-O 10. Be2 d6 11. O-O Qe8 12. Qd1 Bxc4 13. Bxc4 Nxc4 14. Qb3 Qc6 15. Bc1 Ne4 16. Rd1 f5 17.
Nd2 Nexd2 18. Bxd2 Rf6 19. f3 Rg6 20. Kh1 h5 21. Ra2 h4 22. h3 Nxd2 23. Rdxd2 Rg3 24.
Qxe6+ Kh8 25. Qxf5 d5 26. Qh5+ Qh6 27. Qxh6+ gxh6 28. Rac2 b5 29. e4 dxe4 30. fxe4 Rf8 31. Rc1 c6 32. Re2 Re8 33. e5 Re6 34. Rcc2 Kg7 35.
Rf2 Reg6 36. Rf3 Rxf3 37. gxf3 Rg3 38. Rg2 h5 39. Kh2 a5 40. Rxg3+ hxg3+ 41. Kxg3 Kf7 42. Kh4 Ke6 43. Kxh5 Kd5 44. Kg5 1-0

[Event "Live Chess"]
[Site "Chess.com"]
[Date "2024.06.02"]
[Round "-"]
[White "LL220284LL"]
[Black "DavrosLight"]
[Result "1-0"]
[WhiteElo "2506"]
[BlackElo "802"]
[TimeControl "300"]
[EndTime "2:20:48 PDT"]
[Termination "LL220284LL won by checkmate"]

1. b3 Nc6 2. Bb2 e5 3. g3 d5 4. Bg2 Nf6 5. d3 Bd6 6. Nf3 Be6 7. O-O Qe7 8. Nbd2 O-O-O 9. a3 d4 10.
b4 a6 11. Nc4 Bxc4 12. dxc4 Rhe8 13. c5 Bxc5 14. bxc5 Qxc5 15. Nd2 b5 16. a4 b4 17.
Nb3 Qd6 18. Qd3 Kb7 19. Na5+ Ka7 20. Nxc6+ Kb7 21. Nxd8+ Kc8 22. Nc6 h6 23. Qxa6+ Kd7 24. Qb5 Ke6 25. Nxb4 c5 26. Qc4+ Kd7 27. Nd3 Qb6 28.
Nxc5+ Ke7 29. Ba3 Kd8 30. Rab1 Qc7 31. Nb7+ Kc8 32. Nd6+ Kd7 33. Bh3+ Kd8 34. Nxf7+ Qxf7 35. Rb8# 1-0

[Event "Live Chess"]
[Site "Chess.com"]
[Date "2024.06.02"]
[Round "-"]
[White "AlanBstard10"]
[Black "booktrunk"]
[Result "1/2-1/2"]
[WhiteElo "1234"]
[BlackElo "1504"]
[TimeControl "300"]
[EndTime "2:20:55 PDT"]
[Termination "Game drawn by agreement"]

1. b4 e6 2. Bb2 f6 3. a3 a5 4. c3 axb4 5. axb4 Rxa1 6. Bxa1 b6 7.
e3 Bb7 8. Nf3 Nc6 9. Be2 Nge7 10. O-O Nd5 11. Bb2 Be7 12. Nd4 Nxd4 13. exd4 O-O 14. Bf3 c6 15. Bxd5 cxd5 16. d3 f5 17. Nd2 Bg5 18. Nf3 Bh6 19. Ne5 d6 20. Nf3 g5 21.
Bc1 f4 22. Nd2 g4 23. Qxg4+ Kh8 24. Qxe6 1/2-1/2

[Event "Live Chess"]
[Site "Chess.com"]
[Date "2024.06.02"]
[Round "-"]
[White "Zhevzh1k7"]
[Black "elephantgerrald"]
[Result "1/2-1/2"]
[WhiteElo "1108"]
[BlackElo "856"]
[TimeControl "300"]
[EndTime "2:21:02 PDT"]
[Termination "Game drawn - insufficient material"]

1. e4 e5 2. Nf3 Nc6 3. Bc4 Nf6 4.
Nc3 Bc5 5. O-O O-O 6. a3 h6 7. h3 d6 8. b4 Bd4 9. Nxd4 exd4 10.
Nb5 a6 11. e5 dxe5 12. a4 axb5 13. Bxb5 Nxb4 14. Ba3 c5 15. c3 dxc3 16. dxc3 Qxd1 17. Rfxd1 Nc2 18. Ra2 Nxa3 19. Rxa3 Ne4 20. Rd5 Nd6 21. Rxc5 Nxb5 22. Rxb5 Bd7 23. Rxb7 Bxa4 24. Rb2 Bc6 25. Rab3 Ra1+ 26. Kh2 Kh7 27. Rb6 Be4 28. Re2 Ra4 29. f3 Bd3 30. Rxe5 f6 31. Re3 Bc4 32. Re4 Rc8 33.
Re7 Ra6 34. Rbb7 Bd5 35. Rxg7+ Kh8 36. Rbe7 Re6 37. Ra7 Rxc3 38. Rgd7 Bc6 39. Ra8+ Bxa8 40. Rd8+ Kg7 41. Rxa8 f5 42. Ra7+ Kf6 43. Ra4 h5 44. Kg3 Re8 45. Ra6+ Ke7 46. Ra7+ Kd6 47. Ra6+ Kc7 48.
Ra4 Rg8+ 49. Kf4 Rc5 50. Ra7+ Kb6 51. Rf7 Rc4+ 52. Kxf5 Rc5+ 53. Ke4 Rxg2 54. Rf6+ Kb5 55. Rh6 Re2+ 56. Kf4 Rc4+ 57. Kg5 Re5+ 58. Kf6 Rcc5 59. f4 Rf5+ 60. Kg6 Rxf4 61. Rxh5 Rxh5 62. Kxh5 Rf3 63. h4 Rf1 64. Kg5 Re1 65. h5 Kc6 66. Kh6 Re8 67. Kg6 Kd7 68. h6 Ke7 69. Kg7 Rf8 70. h7 Rf7+ 71. Kg8 Rxh7 72. Kxh7 1/2-1/2

[Event "Live Chess"]
[Site "Chess.com"]
[Date "2024.06.02"]
[Round "-"]
[White "best137"]
[Black "upoe610"]
[Result "1/2-1/2"]
[WhiteElo "1527"]
[BlackElo "2147"]
[TimeControl "300"]
[EndTime "2:21:08 PDT"]
[Termination "Game drawn by repetition"]

1. c4 c5 2. Nc3 Nc6 3. Nf3 g6 4. d4 cxd4 5. Nxd4 Nf6 6. Nxc6 bxc6 7. b3 Bg7 8. Bb2 O-O 9. Qc2 d5 10. O-O-O Bf5 11. e4 Nxe4 12. Nxe4 Bxe4 13. Bd3 Bxb2+ 14. Kxb2 Bxd3 15. Rxd3 e6 16. h4 Qf6+ 17. Kb1 a5 18.
h5 a4 19. hxg6 fxg6 20. cxd5 axb3 21. Rxb3 cxd5 22. Qc7 Qf5+ 23. Ka1 Qf6+ 24. Kb1 Rf7 25. Rb8+ Rxb8+ 26. Qxb8+ Kg7 27. Qb2 Qxb2+ 28. Kxb2 Rxf2+ 29. Kb3 Rxg2 30. a4 Rg3+ 31. Kb4 Rg4+ 32. Kb5 h5 33. a5 Rf4 34. a6 Rf8 35. Kb6 d4 36. a7 e5 37. Rc1 Kh6 38. Kb7 Kg5 39. Rc8 Rf7+ 40. Rc7 Rf8 41. Rc8 Rf7+ 42. Rc7 Rf8 43. Rc8 1/2-1/2

[Event "Live Chess"]
[Site "Chess.com"]
[Date "2024.06.02"]
[Round "-"]
[White "Tatarinov_Maxim"]
[Black "TigerTank70"]
[Result "1-0"]
[WhiteElo "2284"]
[BlackElo "2226"]
[TimeControl "300"]
[EndTime "2:21:11 PDT"]
[Termination "Tatarinov_Maxim won by checkmate"]

1. Nf3 d6 2. g3 e5 3. Bg2 Bg4 4.
O-O Be7 5. c4 Qd7 6. Re1 Nc6 7.
Nc3 Nf6 8. Nd5 e4 9. Nxe7 Qxe7 10. Ng5 h6 11. Nh3 g5 12. f3 Be6 13. fxe4 Bxc4 14.
d3 Be6 15. Nf2 O-O-O 16. Qa4 Kb8 17. Be3 Bd7 18. Rac1 a6 19. Qa3 Ng4 20. Nxg4 Bxg4 21. Rxc6 bxc6 22. Qxa6 Bc8 23. Qa7# 1-0

[Event "Live Chess"]
[Site "Chess.com"]
[Date "2024.06.02"]
[Round "-"]
[White "CarmelJane"]
[Black "nigelst"]
[Result "1/2-1/2"]
[WhiteElo "2051"]
[BlackElo "1730"]
[TimeControl "300"]
[EndTime "2:21:16 PDT"]
[Termination "Game drawn by repetition"]

1. Nf3 Nf6 2. b3 g6 3. Bb2 Bg7 4. d3 O-O 5. Nbd2 d6 6. e4 e5 7. g3 Bg4 8. Bg2 Nbd7 9. O-O Rc8 10. h3 Be6 11. Ng5 Qe7 12. f4 exf4 13. gxf4 Nb6 14. Rb1 Nh5 15. Bxg7 Nxg7 16. Kh2 f6 17. Nxe6 Qxe6 18.
Nc4 d5 19. Nxb6 axb6 20. exd5 Qd6 21. Qf3 Nf5 22. c3 Rce8 23. Rfe1 Nh4 24. Qg3 Nxg2 25.
Kxg2 Qxd5+ 26. Kh2 Rd8 27. d4 Rfe8 28. Rxe8+ Rxe8 29. Re1 Re4 30. Qg2 f5 31. Rxe4 fxe4 32. Qg5 Qe6 33.
Qe5 Qc6 34. d5 Qc5 35. Qe6+ Kg7 36. Qxe4 Qf2+ 37. Kh1 Qf1+ 38. Kh2 Qf2+ 39. Kh1 Qf1+ 40. Kh2 Qf2+ 1/2-1/2